 Dungeon Crawl Stone Soup version 0.21-a0-531-gacddea6 (webtiles) character file.

3630 slep the Cleaver (level 10, -4/76 HPs)
             Began as a Vine Stalker Gladiator on Dec 13, 2017.
             Was a Follower of Okawaru.
             Slain by a killer bee (7 damage)
             ... on level 8 of the Dungeon.
             The game lasted 00:28:35 (5686 turns).

slep the Cleaver (Vine Stalker Gladiator)           Turns: 5686, Time: 00:28:36

Health: -4/76      AC: 29    Str: 18    XL:     10   Next: 11%
Magic:  0/11       EV:  2    Int:  9    God:    Okawaru [*.....]
Gold:   383        SH:  0    Dex: 17    Spells: 7/9 levels left

rFire    + . .     SeeInvis .   a - +0 war axe
rCold    . . .     Gourm    .   (no shield)
rNeg     + + +     Faith    .   (armour currently unavailable)
rPois    +         Spirit   +   (helmet currently unavailable)
rElec    .         Reflect  .   (cloak currently unavailable)
rCorr    .         Harm     .   (gloves currently unavailable)
MR       +....     Rnd*Rage +   (boots currently unavailable) Stlth +++.......NoTele +
                                (no amulet)
HPRegen  0.62/turn              y - ring of protection from fire
MPRegen  0.12/turn              p - +4 ring of protection

@: tree-form
A: berserk 1, regeneration 1, screaming 1, magic shield, no potion heal 3, rot
immunity
a: Heroism, Renounce Religion


You were on level 8 of the Dungeon.
You worshipped Okawaru.
Okawaru was aware of your devotion.
You were not hungry.
You were a tree.
You visited 2 branches of the dungeon, and saw 9 of its levels.

You collected 383 gold pieces.

Inventory:

Hand Weapons
 a - a +0 war axe (weapon)
Missiles
 d - 2 throwing nets
 H - 4 poisoned tomahawks (quivered)
 J - 2 tomahawks of returning
Armour
 b - a +0 leather armour
 c - a +0 helmet
 m - a +2 helmet (melded)
 o - a cursed -2 leather armour
 B - a +0 pair of gloves (melded)
 I - the cursed +1 ring mail of a bailey (melded) {rCorr}
   (You found it on level 6 of the Dungeon)

   It protects you from acid and corrosion.
   It has a curse placed upon it.
 K - a +2 cloak of poison resistance (melded)
 L - a +0 cloak
 S - a +0 buckler
Jewellery
 k - a +2 ring of evasion
 p - a +4 ring of protection (right branch)
 q - an uncursed ring of resist corrosion
 y - a ring of protection from fire (left branch)
Wands
 t - a wand of flame (49)
 A - a wand of random effects (21)
 G - a wand of paralysis (29)
 Q - a wand of polymorph (15)
Scrolls
 e - 2 scrolls of fear {unknown}
 g - a scroll of remove curse {unknown}
 i - 2 scrolls of blinking {unknown}
 l - 8 scrolls of identify {unknown}
 n - a scroll of teleportation {unknown}
 v - a scroll of enchant armour {unknown}
 z - 2 scrolls of magic mapping {unknown}
 D - 2 scrolls of silence {unknown}
 E - 2 scrolls of immolation {unknown}
 F - a scroll of fog {unknown}
 M - a scroll of enchant weapon {unknown}
 R - a scroll of vulnerability {unknown}
Potions
 s - a potion of might {unknown}
 w - a potion of magic {unknown}
 C - a potion of mutation {unknown}
 N - 3 potions of brilliance {unknown}
Books
 O - a book of Minor Magic

   Spells                             Type                      Level
   a - Magic Dart                     Conjuration                  1
   b - Blink                          Translocation                2
   c - Call Imp                       Summoning                    2
   d - Slow                           Hexes                        2
   e - Conjure Flame                  Conjuration/Fire             3
   f - Mephitic Cloud                 Conjuration/Poison/Air       3
 P - the Incunabulum of the Snowflakes
   (You found it on level 7 of the Dungeon)

   Spells                             Type                      Level
   a - Freeze                         Ice                          1
   b - Throw Frost                    Conjuration/Ice              2
   c - Metabolic Englaciation         Hexes/Ice                    5
   d - Ozocubu's Refrigeration        Ice                          6
   e - Simulacrum                     Ice/Necromancy               6
Comestibles
 f - 4 bread rations
 j - 2 royal jellies
 u - 5 fruits
 T - 14 chunks of flesh


   Skills:
 + Level 5.0 Fighting
 + Level 9.4 Axes
 + Level 2.2 Throwing
 + Level 3.9 Armour
 + Level 5.5 Dodging
 + Level 4.1 Stealth
 + Level 1.3 Unarmed Combat


You had 7 spell levels left.
You knew the following spells:

 Your Spells              Type           Power        Failure   Level  Hunger
a - Blink                 Tloc           N/A          52%         2    ###....


Dungeon Overview and Level Annotations

Branches:
Dungeon (8/15)             Temple (1/1) D:7
   Lair: D:8-11

Altars:
Ashenzari
Cheibriados
Dithmenos
Elyvilon
Fedhas
Gozag
Hepliaklqana
Kikubaaqudgha
Makhleb
Nemelex Xobeh
Okawaru
Qazlal
Ru
Sif Muna
Trog
Uskayaw
Vehumet
Wu Jian
Yredelemnul
Zin
The Shining One

Shops:
D:6 }


Innate Abilities, Weirdness & Mutations

((You have razor-sharp teeth.))
Your natural rate of healing is unusually fast.
When hurt, damage is shared between your health and your magic reserves.
((Your bite disrupts and absorbs the magic of your enemies.))
Potions cannot restore your health.
You are immune to rotting.
((You are partially covered in icy blue scales. (AC +2)))
You tend to lose your temper in combat.
((Your flesh is cold resistant. (rC+)))
((Armour fits poorly on your strangely shaped body.))
You occasionally shout uncontrollably at your foes.


Message History

You feel sick. The killer bee stings you.
* * * LOW HITPOINT WARNING * * *
The killer bee stings you but does no damage. x2
Your system rejects the healing.
You feel better.
You hear an angry buzzing noise.
The killer bee stings you but does no damage. x2
You hear an angry buzzing noise.
The killer bee stings you but does no damage.
You barely miss the killer bee. The killer bee barely misses you. x2
You hear an angry buzzing noise.
The killer bee stings you but does no damage.
You barely miss the killer bee.
The killer bee stings you but does no damage. x3
You hear an angry buzzing noise.
You closely miss the killer bee.
The killer bee stings you but does no damage.
The killer bee stings you.
* * * LOW HITPOINT WARNING * * *
The killer bee stings you!
You die...

...........###.#.#
##...............#
.................#
.................# .
.<...............#........
......#...................
......#...)......#........
....###.####...#.#........
.... #oy♣.....#.#........
... #######..#.##.......
.. #....#.##.......
#.....#...##.......
#.....#...##...#†..
#....##...##.###...
#.........##.# #...
#...#####>##.# #...
#...+........# #...


You could see a killer bee (berserk) and an orc.

Vanquished Creatures
  A queen bee (D:8)
  A hippogriff (D:7)
  Sigmund (D:3)
  A wyvern (D:8)
  Eustachio (D:4)
  Menkaure (D:6)
  A water moccasin (D:5)
  An orc warrior (D:8)
  2 ice beasts
  A sky beast (D:5)
  A necrophage (D:6)
  4 ogres
  A phantom (D:7)
  2 centaurs (D:7)
  A crocodile (D:7)
  3 bullfrogs
  A scorpion (D:6)
  6 killer bees (D:8)
  4 howler monkeys
  2 crimson imps
  A hound (D:5)
  A bullfrog zombie (D:5)
  5 orc priests
  2 orc wizards
  Crazy Yiuf (D:6)
  3 iron imps (D:7)
  Terence (D:2)
  An iguana (D:6)
  3 worker ants
  4 gnolls (D:4)
  9 adders
  2 shadow imps
  An ooze (D:1)
  3 adder skeletons
  6 worms
  A dart slug (D:2)
  6 leopard geckos
  15 orcs
  8 giant cockroaches
  9 goblins
  10 hobgoblins
  7 jackals
  7 kobolds
  3 quokkas
  9 bats
  6 frilled lizards
  10 rats
  A spectral orc (D:2)
171 creatures vanquished.

Notes
Turn   | Place    | Note
-------+----------+-------------------------------------------
     0 | D:1      | slep the Vine Stalker Gladiator began the quest for the Orb.
     0 | D:1      | Reached XP level 1. HP: 11/11 MP: 2/2
    42 | D:1      | Reached XP level 2. HP: 12/15 MP: 3/3
    44 | D:1      | Reached skill level 3 in Axes
   160 | D:1      | Reached XP level 3. HP: 5/18 MP: 2/4
   415 | D:2      | Noticed Terence
   566 | D:2      | Found a sparkling altar of Nemelex Xobeh.
   674 | D:2      | Gained mutation: Your natural rate of healing is unusually fast. [Vine Stalker growth]
   674 | D:2      | Reached XP level 4. HP: 23/23 MP: 5/5
   683 | D:2      | Killed Terence
   865 | D:2      | Found a basalt altar of Yredelemnul.
   911 | D:2      | Found a glowing golden altar of the Shining One.
  1079 | D:2      | Reached XP level 5. HP: 26/26 MP: 6/6
  1323 | D:3      | Found a faded altar of an unknown god.
  1513 | D:3      | Found an opulent altar of Gozag.
  1513 | D:3      | Found a radiant altar of Vehumet.
  1631 | D:3      | Noticed Sigmund
  1716 | D:3      | Became a worshipper of the Shining One
  1716 | D:3      | Reached * piety under the Shining One
  1721 | D:3      | Fell from the grace of the Shining One
  1802 | D:4      | Reached skill level 4 in Axes
  1864 | D:4      | Reached skill level 1 in Armour
  1864 | D:4      | Reached skill level 1 in Stealth
  1896 | D:4      | Reached XP level 6. HP: 21/30 MP: 3/7
  2093 | D:4      | Noticed Eustachio
  2133 | D:5      | Entered Level 5 of the Dungeon
  2133 | D:5      | Noticed a sky beast
  2141 | D:5      | Killed a sky beast
  2141 | D:5      | Reached skill level 5 in Axes
  2141 | D:5      | Reached XP level 7. HP: 35/35 MP: 8/8
  2145 | D:5      | Gained mutation: You are partially covered in icy blue scales. (AC +2) [mutagenic meat]
  2147 | D:5      | Gained mutation: Armour fits poorly on your strangely shaped body. [mutagenic meat]
  2148 | D:5      | Gained mutation: You tend to lose your temper in combat. [mutagenic meat]
  2149 | D:5      | Gained mutation: Your flesh is cold resistant. (rC+) [mutagenic meat]
  2150 | D:5      | Gained mutation: You occasionally shout uncontrollably at your foes. [mutagenic meat]
  2237 | D:5      | Noticed a moth of wrath
  2240 | D:5      | Found a bloodstained altar of Trog.
  2588 | D:5      | Reached skill level 6 in Axes
  2616 | D:6      | Gained mutation: You have razor-sharp teeth. [Vine Stalker growth]
  2616 | D:6      | Reached XP level 8. HP: 39/40 MP: 9/9
  2639 | D:6      | Found Zisayjats's Gadget Shoppe.
  2755 | D:6      | Noticed Menkaure
  2952 | D:6      | Reached skill level 7 in Axes
  3044 | D:6      | Got a slimy ring mail
  3055 | D:6      | Identified the cursed +1 ring mail of a bailey {rCorr} (You found it on level 6 of the Dungeon)
  3062 | D:6      | Found a runed door.
  3199 | D:6      | Killed Menkaure
  3470 | D:6      | Noticed Crazy Yiuf
  3474 | D:6      | Killed Crazy Yiuf
  3684 | D:3      | Killed Sigmund
  3956 | D:4      | Killed Eustachio
  3956 | D:4      | Reached skill level 8 in Axes
  3956 | D:4      | Reached XP level 9. HP: 37/45 MP: 7/10
  4210 | D:7      | Identified the Incunabulum of the Snowflakes
  4224 | D:7      | Found a burning altar of Makhleb.
  4268 | D:7      | Reached skill level 1 in Unarmed Combat
  4421 | D:8      | Reached skill level 5 in Dodging
  4692 | D:7      | Reached skill level 9 in Axes
  4703 | D:7      | Found an ornate altar of the Wu Jian Council.
  4810 | D:7      | Found a staircase to the Ecumenical Temple.
  4817 | Temple   | Entered the Ecumenical Temple
  5021 | Temple   | Became a worshipper of Warmaster Okawaru
  5064 | D:7      | Learned a level 2 spell: Blink
  5631 | D:8      | Reached XP level 10. HP: 51/51 MP: 11/11
  5680 | D:8      | Reached * piety under Okawaru
  5680 | D:8      | Reached skill level 5 in Fighting
  5682 | D:8      | HP: 3/76 [killer bee (4)]
  5686 | D:8      | Slain by a killer bee

Vault maps used:
D:1:      tarquinn_simple_flora_water_b
D:2:      lemuel_round_altar, yredelemnul_forgotten_temple_becter,
          nicolae_tso_swordbearing_angel, uniq_terence
D:3:      gammafunk_temple_overflow_wave, chequers_ecumenical_altar_simple,
          minmay_large_rounded_square, uniq_sigmund
D:4:      uniq_eustachio
D:5:      tgw_trog, first_bread, eino_tiny_chamber
D:6:      serial_shops, nicolae_shop_statue_plus, uniq_menkaure,
          uniq_crazy_yiuf_cottage
D:7:      demons_altar, kennysheep_little_box, temple_green
D:8:      david_nohive_1
Temple:   minmay_temple_curvy_branch

Skill      XL: |  1  2  3  4  5  6  7  8  9 10 |
---------------+-------------------------------+-----
Axes           | 3 4 5 6 8 9 |  9.4
Dodging        | 3 4 5 |  5.5
Fighting       | 2 3 4 5 |  5.0
Armour         | 1 2 3 |  3.9
Stealth        | 1 2 3 4 |  4.1
Unarmed Combat | 1 |  1.3
Throwing       | 2 |  2.2

Action                   |  1- 3 |  4- 6 |  7- 9 | 10-12 || total
-------------------------+-------+-------+-------+-------++-------
Melee: War axe           |    78 |   152 |   278 |    31 ||   539
       Bite              |    22 |    42 |   101 |     5 ||   170
       Unarmed           |       |       |    32 |       ||    32
       Punch             |       |       |     1 |       ||     1
Throw: Throwing net      |       |     1 |       |       ||     1
       Tomahawk          |       |       |     4 |       ||     4
Invok: Renounce Religion |       |     1 |       |       ||     1
  Use: Potion            |       |       |       |     3 ||     3
 Stab: Sleeping          |       |     4 |     2 |       ||     6
       Held in net/web   |       |     1 |       |       ||     1
       Distracted        |       |       |     1 |       ||     1
  Eat: Chunk             |       |     4 |    18 |       ||    22
Armor: Leather armour    |    25 |    79 |    62 |       ||   166
       Ring mail         |       |       |    81 |    20 ||   101
       Skin              |       |       |       |    26 ||    26
Dodge: Dodged            |    72 |   126 |   282 |    45 ||   525

Table legend:
 A = Spawn XP
 B = Non-spawn XP
 C = Spawn XP percentage of total XP
 D = Spawn monster count
 E = Non-spawn monster count
 F = Spawn count percentage of total count
 G = Total turns spent on level
                    A         B        C        D         E        F      G
               +---------+---------+-------+---------+---------+-------+---------
         Total |       0 |    5186 |   0.0 |       0 |     171 |   0.0 |  5686
               +---------+---------+-------+---------+---------+-------+---------
           D:1 |       0 |      48 |   0.0 |       0 |      25 |   0.0 |   457
           D:2 |       0 |     124 |   0.0 |       0 |      32 |   0.0 |   888
           D:3 |       0 |     235 |   0.0 |       0 |      13 |   0.0 |   616
           D:4 |       0 |     580 |   0.0 |       0 |      22 |   0.0 |   710
           D:5 |       0 |     626 |   0.0 |       0 |      15 |   0.0 |   523
           D:6 |       0 |     927 |   0.0 |       0 |      29 |   0.0 |   952
           D:7 |       0 |    1187 |   0.0 |       0 |      19 |   0.0 |   888
           D:8 |       0 |    1459 |   0.0 |       0 |      16 |   0.0 |   420
               +---------+---------+-------+---------+---------+-------+---------
